 Dungeon Crawl Stone Soup version 0.31-a0-200-gbc41564c69 (webtiles) character file.

Game seed: 13534602473659347859

15121 Ijustatesigmund the Tainter (level 12, -4/77 HPs)
             Began as an Octopode Venom Mage on June 26, 2023.
             Was a Priest of Cheibriados.
             Slain by a two-headed ogre
             ... wielding a +0 giant spiked club
              (28 damage)
             ... on level 13 of the Dungeon.
             The game lasted 00:46:08 (20981 turns).

Ijustatesigmund the Tainter (Octopode Venom Mage)  Turns: 20981, Time: 00:46:08

Health: -4/77      AC:  5    Str: 16    XL:     12   Next: 23%
Magic:  12/22      EV: 14    Int: 29    God:    Cheibriados [***...]
Gold:   774        SH:  8    Dex: 21    Spells: 13/25 levels left

rFire   . . .        j - staff of poison
rCold   . . .        h - +2 buckler
rNeg    . . .        (helmet restricted)
rPois   +            (no amulet)
rElec   .            i - +4 ring of protection
rCorr   .            f - ring of fire
SInv    .            r - ring of ice
Will    .....        q - ring of poison resistance
Stlth   ++++         (no ring)
HPRegen 0.32/turn    (no ring)
MPRegen 0.18/turn    (no ring)
                     (no ring)

%: no passive effects
@: studying Fire Magic, very slow
A: almost no armour, amphibious, 8 rings, camouflage 1, gelatinous body 1,
(nimble swimmer 1), tentacles
a: Renounce Religion, Bend Time, Temporal Distortion


You were on level 13 of the Dungeon.
You worshipped Cheibriados.
Cheibriados was most pleased with you.
You visited 2 branches of the dungeon, and saw 14 of its levels.

You collected 916 gold pieces.
You spent 142 gold pieces at shops.

Inventory:

Hand Weapons
 c - a +4 morningstar
Missiles
 m - 2 throwing nets
Armour
 h - a +2 buckler (worn)
Magical Staves
 j - a staff of poison (weapon)
Jewellery
 f - a ring of fire (right tentacle)
 i - a +4 ring of protection (left tentacle)
 q - a ring of poison resistance (on tentacle)
 r - a ring of ice (on tentacle)
 t - a +6 ring of strength
Wands
 d - a wand of polymorph (5)
 k - a wand of paralysis (9)
 l - a wand of roots (22)
Scrolls
 g - a scroll of revelation
 n - 2 scrolls of teleportation
 s - 3 scrolls of identify
 v - a scroll of poison
 w - 2 scrolls of blinking
Potions
 a - a potion of attraction
 b - 4 potions of brilliance
 o - 2 potions of ambrosia
 p - a potion of resistance
 u - a potion of magic
 x - a potion of cancellation {unknown}
Miscellaneous
 e - a box of beasts


   Skills:
 + Level 5.1 Fighting
 - Level 0.8 Axes
 - Level 4.6 Staves
 + Level 3.0 Dodging
 - Level 2.6 Stealth
 + Level 3.9 Shields
 - Level 7.3 Spellcasting
 - Level 7.3 Conjurations
 - Level 4.3 Translocations
 - Level 1.0 Transmutations
 - Level 7.2 Air Magic
 - Level 9.8 Poison Magic
 + Level 7.7 Invocations
 - Level 3.8 Evocations


You had 13 spell levels left.
You knew the following spells:

 Your Spells              Type           Power      Damage    Failure   Level
a - Sting                 Tmut/Pois      100%       1d8       1%          1
b - Poisonous Vapours     Pois/Air       100%       N/A       1%          2
c - Mephitic Cloud        Conj/Pois/Air  72%        N/A       1%          3
d - Olgreb's Toxic Radia  Pois           80%        N/A       1%          4
e - Blink                 Tloc           70%        N/A       1%          2

Your spell library contained the following spells:

 Spells                   Type           Power      Damage    Failure   Level
 Lesser Beckoning         Tloc           70%        N/A       1%          2
 Momentum Strike          Conj/Tloc      88%        3d10      1%          2
 Spider Form              Tmut/Pois      58%        N/A       1%          3
 Beastly Appendage        Tmut           32%        N/A       4%          1
 Wereblood                Tmut           16%        N/A       6%          2
 Ensorcelled Hibernation  Hex/Ice        30%        N/A       10%         2
 Ozocubu's Armour         Ice            15%        N/A       19%         3
 Anguish                  Hex/Necr       5%         N/A       54%         4
 Ozocubu's Refrigeration  Ice            7%         4d9       100%        7


Dungeon Overview and Level Annotations

Branches:
Dungeon (13/15)            Temple (1/1) D:7            Lair (0/5) D:11
    Orc (0/2) D:11
 Vaults: D:13-14

Altars:
Ashenzari
Cheibriados
Dithmenos
Elyvilon
Fedhas
Gozag
Hepliaklqana
Kikubaaqudgha
Makhleb
Nemelex Xobeh
Okawaru
Qazlal
Ru
Sif Muna
Trog
Uskayaw
Vehumet
Wu Jian
Xom
Yredelemnul
Zin
The Shining One

Shops:
D:7 *   D:8 *   D:9 (   D:11 **   D:12 [

Annotations:
D:6 exclusion: statue


Innate Abilities, Weirdness & Mutations

You cannot wear most types of armour.
You are amphibious.
You can wear up to eight rings at the same time.
Your skin changes colour to match your surroundings (Stealth+).
Your rubbery body absorbs attacks. (AC +1, EV +1)
((You are camouflaged when in or above water. (Stealth+)))
You have tentacles for arms and can constrict up to eight enemies at once.


Message History

The two-headed ogre shouts in stereo!
The two-headed ogre is poisoned.
Your toxic aura wanes.
Casting: Olgreb's Toxic Radiance (dangerous; 1% risk of failure)
Confirm with . or Enter, or press ? or * to list all spells.
Aiming: Mephitic Cloud (safe; 1% risk of failure)
Press: ? - help, Shift-Dir - straight line, f - two-headed ogre
Aim: a two-headed ogre, wielding a +0 giant spiked club and a +0 giant club (lightly wounded, poisoned, chance to affect: 53%)
You feel a surge of power!
The ball explodes into a vile cloud!
The stinking cloud engulfs the two-headed ogre but does no damage.
The two-headed ogre is lightly wounded.
The two-headed ogre is engulfed in noxious fumes.
Casting: Mephitic Cloud (safe; 1% risk of failure)
Confirm with . or Enter, or press ? or * to list all spells.
Aiming: Sting (safe; 1% risk of failure)
Press: ? - help, Shift-Dir - straight line, f/p - two-headed ogre
Aim: a two-headed ogre, wielding a +0 giant spiked club and a +0 giant club (noxious fumes, lightly wounded, poisoned, 89% to hit)
You feel a surge of power!
The sting misses the two-headed ogre.
The two-headed ogre is engulfed in noxious fumes.
You hit the two-headed ogre but do no damage.
You envenom the two-headed ogre.
The two-headed ogre looks even sicker.
You squeeze the two-headed ogre.
The two-headed ogre is moderately wounded.
The two-headed ogre hits you with a +0 giant spiked club!
The two-headed ogre hits you with a +0 giant club!!
You hit the two-headed ogre.
The two-headed ogre is moderately wounded.
The two-headed ogre barely misses you. x2
Okay, then.
The flow of time bends around you.
Cheibriados rebukes the two-headed ogre.
The two-headed ogre seems to slow down.
You hit the two-headed ogre but do no damage.
You envenom the two-headed ogre.
The two-headed ogre looks even sicker.
The two-headed ogre is heavily wounded.
You hit the two-headed ogre. You squeeze the two-headed ogre!
The two-headed ogre is severely wounded.
The two-headed ogre hits you with a +0 giant spiked club!!
The two-headed ogre hits you with a +0 giant club!!
You die...

.. ### ###.# #.. ..#.#
#☼# #.#.# #.# #.#.#
##### #
#.######.#.###...# #..
#O##...........#..
.....#@#.#.##.....#...#
#.....###.#....######
#.....#.#.#.##.#.##
##...##........#.# ##.#
##########.# #. ##'## #
##...## ##.....##
##.......##


You could see a two-headed ogre (very poisoned, slow).

Vanquished Creatures
  Kirke (D:12)
  A boulder beetle (D:8)
  A two-headed ogre (D:12)
  An ugly thing (D:8)
  2 cyclopes
  A manticore (D:12)
  Maurice (D:12)
  Joseph (D:7)
  2 gargoyles (D:12)
  An unseen horror (D:12)
  A komodo dragon (D:12)
  A kobold demonologist (D:8)
  3 trolls (D:12)
  Grinder (D:5)
  9 yaks
  4 wraiths
  3 wyverns
  A vampire (D:11)
  3 humans (D:12)
  A steam dragon (D:8)
  Edmund (D:5)
  2 acid dragons
  3 water moccasins
  7 orc warriors
  A black bear (D:8)
  A sky beast (D:7)
  An ogre (D:5)
  9 centaurs
  3 phantoms
  6 kobold brigands (D:8)
  3 bullfrogs
  A gnoll sergeant (D:8)
  14 wights
  3 scorpions
  A ballistomycete (D:11)
  9 killer bees
  3 jellies
  3 gnoll boudas
  4 hounds
  8 orc priests
  3 sleepcaps
  15 orc wizards
  3 iguanas
  26 gnolls
  12 adders
  A shadow imp (D:6)
  A white imp (D:7)
  A worm (D:4)
  2 dart slugs (D:1)
  37 orcs
  7 ball pythons
  2 endoplasms
  3 giant cockroaches
  9 goblins
  7 hobgoblins
  11 jackals
  5 quokkas
  5 bats
  2 frilled lizards
  14 kobolds
  13 rats
  2 ballistomycete spores (D:11)
303 creatures vanquished.

Vanquished Creatures (others)
  10 ballistomycete spores (D:11)
  A butterfly (D:9)
11 creatures vanquished.

Grand Total: 314 creatures vanquished

Notes
Turn   | Place    | Note
-------+----------+-------------------------------------------
     0 | D:1      | Ijustatesigmund the Octopode Venom Mage began the quest for
                  | the Orb.
     0 | D:1      | Reached XP level 1. HP: 11/11 MP: 3/3
   138 | D:1      | Reached XP level 2. HP: 4/18 MP: 0/5
   537 | D:1      | Reached skill level 1 in Fighting
   537 | D:1      | Reached skill level 4 in Poison Magic
   883 | D:1      | Reached XP level 3. HP: 21/23 MP: 6/6
   888 | D:1      | Learned a level 2 spell: Poisonous Vapours
   892 | D:1      | Learned a level 3 spell: Mephitic Cloud
  1454 | D:2      | Found a faded altar of an unknown god.
  2083 | D:3      | Reached XP level 4. HP: 18/28 MP: 1/7
  2251 | D:3      | Found an ornate altar of the Wu Jian Council.
  2364 | D:3      | Reached skill level 1 in Conjurations
  2616 | D:3      | Reached skill level 1 in Air Magic
  2748 | D:3      | Found a blossoming altar of Fedhas.
  2811 | D:3      | Found a hide-covered altar of Uskayaw.
  3126 | D:3      | Reached XP level 5. HP: 31/33 MP: 6/9
  3599 | D:4      | Reached skill level 1 in Staves
  4005 | D:4      | Learned a level 4 spell: Olgreb's Toxic Radiance
  4329 | D:5      | Entered Level 5 of the Dungeon
  4477 | D:5      | Noticed a phantom
  4487 | D:4      | Reached XP level 6. HP: 22/38 MP: 6/10
  4693 | D:4      | Reached skill level 5 in Poison Magic
  5364 | D:5      | Noticed Grinder
  5591 | D:4      | Reached XP level 7. HP: 28/43 MP: 7/12
  5750 | D:4      | Learned a level 2 spell: Blink
  5830 | D:5      | Reached skill level 1 in Translocations
  6643 | D:6      | Reached skill level 1 in Evocations
  7007 | D:6      | Found a basalt altar of Yredelemnul.
  7057 | D:6      | Found a radiant altar of Vehumet.
  7172 | D:6      | Reached XP level 8. HP: 28/48 MP: 8/13
  7360 | D:7      | Found a staircase to the Ecumenical Temple.
  7369 | Temple   | Entered the Ecumenical Temple
  7405 | Temple   | Became a worshipper of Cheibriados the Contemplative
  7493 | D:7      | Found Houzyuth's General Store.
  7544 | D:7      | Bought a scroll of fear for 52 gold pieces
  7647 | D:7      | Noticed Joseph
  7652 | D:7      | Noticed a cyclops
  7657 | D:7      | Killed Joseph
  7658 | D:7      | Reached skill level 1 in Invocations
  7667 | D:7      | Killed a cyclops
  7668 | D:7      | Reached skill level 6 in Poison Magic
  7668 | D:7      | Reached XP level 9. HP: 39/55 MP: 1/15
  7852 | D:7      | You fall into a shaft and drop 2 floors!
  8021 | D:9      | Found Esyoqeom's Weapon Boutique.
  8109 | D:9      | Found a stormy altar of Qazlal.
  8517 | D:9      | Reached * piety under Cheibriados
  8721 | D:9      | Found a white marble altar of Elyvilon.
  8867 | D:7      | Reached skill level 7 in Poison Magic
  9208 | D:7      | Reached XP level 10. HP: 59/63 MP: 8/17
  9211 | D:7      | Reached skill level 5 in Spellcasting
  9846 | D:5      | Reached ** piety under Cheibriados
 10456 | D:8      | Reached skill level 5 in Conjurations
 10862 | D:8      | Reached skill level 5 in Air Magic
 10907 | D:8      | Found Nagioqu's Lightly-Used Armoury.
 10978 | D:8      | Found a hide-covered altar of Uskayaw.
 11416 | D:8      | Reached *** piety under Cheibriados
 11619 | D:8      | Found a sparkling altar of Nemelex Xobeh.
 11650 | D:8      | Reached skill level 5 in Invocations
 11754 | D:8      | Found a shadowy altar of Dithmenos.
 11755 | D:8      | Found an ancient bone altar of Kikubaaqudgha.
 11779 | D:8      | Found a sacrificial altar of Ru.
 11783 | D:8      | Found an opulent altar of Gozag.
 12271 | D:8      | Found a snail-covered altar of Cheibriados.
 12467 | D:8      | Reached skill level 8 in Poison Magic
 12748 | D:8      | Noticed a kobold demonologist
 12749 | D:8      | Noticed a boulder beetle
 12756 | D:8      | Reached skill level 1 in Shields
 12756 | D:8      | Killed a boulder beetle
 12757 | D:8      | Killed a kobold demonologist
 12759 | D:8      | Noticed a red ugly thing
 12760 | D:8      | Reached XP level 11. HP: 52/69 MP: 3/20
 13997 | D:9      | Found a shimmering blue altar of Sif Muna.
 14048 | D:10     | Entered Level 10 of the Dungeon
 14242 | D:10     | Found a shimmering altar of Xom.
 14244 | D:10     | Found a shimmering altar of Xom.
 14245 | D:10     | Found a shimmering altar of Xom.
 14247 | D:10     | Found a shimmering altar of Xom.
 14247 | D:10     | Found a shimmering altar of Xom.
 14775 | D:10     | Reached **** piety under Cheibriados
 14924 | D:10     | Noticed a five-headed hydra
 14925 | D:10     | Noticed a spark wasp
 14951 | D:10     | Noticed a wolf spider
 14956 | D:10     | a wolf spider changed into a two-headed ogre
 14956 | D:10     | Noticed a two-headed ogre (shapeshifter)
 14965 | D:10     | Noticed a fire dragon
 14965 | D:10     | a fire dragon changed into a boulder beetle
 14965 | D:10     | Noticed a boulder beetle (shapeshifter)
 15055 | D:10     | Noticed a spark wasp
 15055 | D:10     | Noticed a deep troll
 15675 | D:11     | Found a staircase to the Orcish Mines.
 15781 | D:11     | Found Jepuroen's Assorted Antiques.
 15790 | D:11     | Bought a scroll of teleportation for 90 gold pieces
 16206 | D:11     | Noticed an oklob plant
 16263 | D:11     | an oklob plant changed into a sleepcap
 16267 | D:11     | Noticed an oklob plant
 16487 | D:11     | Found a staircase to the Lair.
 16525 | D:11     | an oklob plant changed into a ballistomycete
 16537 | D:11     | Noticed a cyclops
 16810 | D:11     | Killed a cyclops
 16811 | D:11     | Reached skill level 9 in Poison Magic
 17524 | D:11     | Found Hiacol's Serpentskin Sales.
 17694 | D:5      | Killed Grinder
 17745 | D:5      | Noticed Edmund
 17753 | D:5      | Killed Edmund
 18207 | D:8      | Killed a red ugly thing
 18635 | D:12     | Noticed a manticore
 18645 | D:12     | Killed a manticore
 18898 | D:12     | Found Bumewny's Armour Shoppe.
 18935 | D:12     | Noticed Maurice
 18946 | D:12     | Killed Maurice
 19319 | D:12     | Noticed a two-headed ogre
 19327 | D:12     | HP: 2/70 [two-headed ogre/+0 giant club (21)]
 19328 | D:12     | Killed a two-headed ogre
 19329 | D:12     | Reached XP level 12. HP: 2/75 MP: 13/22
 20399 | D:12     | Noticed Kirke
 20408 | D:12     | Killed Kirke
 20409 | D:12     | Reached skill level 5 in Fighting
 20972 | D:13     | Noticed a two-headed ogre
 20981 | D:13     | Slain by a two-headed ogre

Illustrated notes

Levels and vault maps discovered:
D:1:      dpeg_arrival_subterranean_lakeside_camping, layout_basic
D:2:      layout_basic, shapermc_ecumenical_altar_mp_highgroup,
          minmay_crystal_water, chequers_serial_rivers_large_a, hex_intersection
D:3:      layout_loops_cross, nzn_wu_jian_council_hall,
          mainiacjoe_overflow_big_doors
D:4:      layout_rooms
D:5:      layout_gridville, uniq_edmund, uniq_grinder
D:6:      layout_rooms, vehumet_statue, old_standard_altar
D:7:      layout_basic, temple_hall, serial_shops, shop, uniq_joseph
D:8:      layout_gridville, lemuel_round_altar, nicolae_overflow_hidden_temple,
          hangedman_feature_mirror, minmay_shop_damaged, nzn_random_ring
D:9:      nicolae_cairo_tiling_large, layout_loops_ring,
          nicolae_elyvilon_peaceful_grove, grunt_qazlal_clouds,
          lemuel_blue_sif_altar, serial_shops, shop_fountains
D:10:     layout_basic, xom_shifter_show
D:11:     layout_stronghold, dpeg_oklobed_lair, orc_0_dummy, serial_shops,
          nicolae_diamond_shop, guppyfry_shop_venom
D:12:     layout_loops_ring, serial_shops, shop, uniq_maurice, uniq_kirke
D:13:     layout_loops_corners, david_vaults_5
Temple:   nicolae_temple_ecumenical_triangle

Skill      XL: |  1  2  3  4  5  6  7  8  9 10 11 12 |
---------------+-------------------------------------+-----
Fighting       | 1 2 4 5 |  5.1
Poison Magic   | 4 5 6 7 8 9 |  9.8
Conjurations   | 1 2 3 4 6 7 |  7.3
Air Magic      | 1 2 3 4 5 7 |  7.2
Staves         | 1 2 3 4 |  4.6
Spellcasting   | 3 4 6 7 |  7.3
Translocations | 3 4 |  4.3
Evocations     | 3 |  3.8
Invocations    | 2 3 5 7 |  7.7
Shields        | 2 3 |  3.9
Dodging        | 3 |  3.0
Axes           | |  0.8
Stealth        | |  2.6
Transmutations | |  1.0

Action                     |  1- 3 |  4- 6 |  7- 9 | 10-12 || total
---------------------------+-------+-------+-------+-------++-------
  Melee: Unarmed           |     9 |       |       |       ||     9
         Constrict         |    19 |    31 |    19 |    31 ||   100
         Tentacles         |    12 |    30 |    37 |    87 ||   166
         Hand axe          |    47 |     5 |    15 |       ||    67
         Dagger            |     6 |       |       |       ||     6
         Staff             |       |    88 |   100 |   210 ||   398
         Punch             |       |     1 |     4 |     3 ||     8
         Halberd           |       |       |     3 |       ||     3
         Morningstar       |       |       |       |    95 ||    95
   Cast: Sting             |     9 |    23 |     9 |     8 ||    49
         Poisonous Vapours |     5 |    47 |    42 |    27 ||   121
         Olgreb's Toxic Ra |       |     1 |    15 |    61 ||    77
         Mephitic Cloud    |       |     1 |     2 |     8 ||    11
         Blink             |       |       |     2 |     6 ||     8
 Invoke: Bend Time         |       |       |       |    10 ||    10
         Slouch            |       |       |       |     2 ||     2
  Evoke: Wand              |       |       |    26 |    24 ||    50
    Use: Potion            |       |     1 |     4 |     7 ||    12
         Scroll            |       |     7 |     3 |    17 ||    27
   Stab: Sleeping          |    12 |     2 |       |     4 ||    18
         Distracted        |     1 |       |       |       ||     1
         Confused          |       |       |     1 |     3 ||     4
         Paralysed         |       |       |       |    12 ||    12
 Armour: Skin              |     5 |    11 |    26 |    60 ||   102
  Dodge: Dodged            |    29 |    89 |    79 |   193 ||   390
  Block: Buckler           |       |       |       |    96 ||    96

Table legend: (Time is in decaauts)
 A = Elapsed time spent in this place.
 B = Non-inter-level travel time spent in this place.
 C = Inter-level travel time spent in this place.
 D = Time resting spent in this place.
 E = Time spent auto-exploring this place.
 F = Levels seen in this place.
 G = Mean time per level.
                   A        B        C        D        E       F      G
               +--------+--------+--------+--------+--------+-----+--------+
         Total |  23960 |  22744 |   1216 |   9548 |  10264 |  14 | 1711.4 |
       Dungeon |  23913 |  22709 |   1204 |   9548 |  10245 |  13 | 1839.5 |
        Temple |     47 |     36 |     11 |      0 |     19 |   1 |   47.0 |
               +--------+--------+--------+--------+--------+-----+--------+

Top non-repeatable levels by time:
     D:8: 4338 daAuts
    D:11: 3399 daAuts
     D:5: 2734 daAuts
    D:12: 2470 daAuts
     D:3: 1698 daAuts
     D:9: 1686 daAuts
     D:7: 1657 daAuts
    D:10: 1349 daAuts
     D:4: 1206 daAuts
     D:1: 1112 daAuts
     D:6: 1007 daAuts
     D:2: 969 daAuts
    D:13: 282 daAuts
  Temple: 47 daAuts
